 Dungeon Sprint DCSS version 0.24-a0-312-g16217b4a02 (webtiles) character file.

Game seed: 3421482656872297397

8500000 Hercules1031 the Invulnerable (level 27, 0/298 HPs)
             Began as a Deep Dwarf Skald on May 15, 2019.
             Was the Champion of Makhleb.
             Killed from afar by a wretched soul (61 damage)
             ... with a bolt of negative energy
             ... in the Dungeon (Sprint VIII: "Arena of Blood").
             The game lasted 00:04:44 (85 turns).

Hercules1031 the Invulnerable (Deep Dwarf Skald)      Turns: 85, Time: 00:04:44

Health: 0/298      AC:  6    Str: 15    XL:     27
Magic:  36/54      EV: 34    Int: 18    God:    Makhleb [******]
Gold:   0          SH:  0    Dex: 21    Spells: 79/80 levels left

rFire    + . .     SeeInvis .   c - +∞ Axe of Woe
rCold    . . .     Gourm    .   (shield currently unavailable)
rNeg     + . .     Faith    .   b - +0 leather armour
rPois    .         Spirit   .   (no helmet)
rElec    .         Reflect  .   (no cloak)
rCorr    .         Harm     .   (no gloves)
MR       ++++.     NoTele   +   (no boots)
Stlth    +++++++++.             (no amulet)
HPRegen  0.00/turn              k - ring of protection from fire
MPRegen  0.34/turn              (no ring)

@: non-regenerating, lightly drained
A: damage resistance, heal wounds, negative energy resistance 1, sense
surroundings 3, no regeneration
a: Heal Wounds, Minor Destruction, Lesser Servant of Makhleb, Major Destruction,
Greater Servant of Makhleb, Renounce Religion


You were in the Dungeon.
You worshipped Makhleb.
Makhleb was exalted by your worship.
You were not hungry.

You visited 1 branch

Inventory:

Hand Weapons
 a - a +0 hand axe
 c - the +∞ Axe of Woe (weapon)
   (You found it in the Dungeon)
Armour
 b - a +0 leather armour (worn)
Jewellery
 k - a ring of protection from fire (left hand)
Scrolls
 j - a scroll of blinking
Potions
 e - a potion of curing
 g - a potion of haste
 h - 2 potions of magic
 i - a potion of berserk rage
Comestibles
 d - a ration


   Skills:
 O Level 27(26.2) Fighting
 O Level 27(26.2) Axes
 O Level 27(26.2) Throwing
 O Level 27(26.2) Armour
 O Level 27(26.2) Dodging
 O Level 27(26.2) Stealth
 O Level 27(26.2) Unarmed Combat
 O Level 27(26.2) Spellcasting
 O Level 27(26.2) Charms
 O Level 27(26.2) Invocations


You had 79 spell levels left.
You knew the following spells:

 Your Spells              Type           Power        Failure   Level  Hunger
a - Infusion              Chrm           ####         0%          1    None

Your spell library contained the following spells:

 Spells                   Type           Power        Failure   Level  Hunger
 Shroud of Golubria       Chrm/Tloc      ######....   0%          2    None
 Song of Slaying          Chrm           #######.     0%          2    None
 Spectral Weapon          Hex/Chrm       ######..     1%          3    None
 Regeneration             Chrm/Necr      Unusable     N/A         3    N/A

Dungeon Overview and Level Annotations

Branches:
Dungeon (1/1)

Altars:
Makhleb


Innate Abilities, Weirdness & Mutations

You are resistant to damage.
You can heal yourself by infusing magical energy.
You resist negative energy. (rN+)
You passively map a large area around you.
You do not regenerate.


Message History

The bag of meat convulses!
Your body is wracked with pain!
* * * LOW HITPOINT WARNING * * *
The eight-headed meat hydra calls on the powers of darkness!
The eight-headed meat hydra convulses!
The large bag of meat convulses!
Your body is wracked with pain!
* * * LOW HITPOINT WARNING * * *
You hear a shout! x3
The accursed casts a spell at you. Something smites you!
* * * LOW HITPOINT WARNING * * *
You hear a shout! x5
The meat beast moves out of view.
You feel much better.
You hear a shout! x3
The tyrant gestures wildly while chanting.
The tyrant seems to speed up.
A crawling corpse suddenly disappears!
A bolt of negative energy appears from out of thin air!
Deactivating autopickup; reactivate with Ctrl-A.
The bolt of negative energy hits you!!! You partially resist.
You feel drained.
You die...

....#........%...
#...L....#........
#.........#%......
#.........X..#....
#..2..D.x.#.%.X.%#
#....#§x.☼X☼○X...§
#x.O.##%§)))).#..)
#2)...#o%)x)#☼)..)
#@)%Mz.###°))DX..)
#))xO.##.○))#.....
#....#........#...
#....#.....2......
#................#
#.................
#...D.............
#......%..#.......
, , ,


You could see an accursed, 2 meat beasts, a tyrant, 2 eight-headed meat hydras,
a sculptor of flesh, a large bag of meat (inner flame), a meat berserker
(berserk), a bag of meat and 2 crawling corpses.

Vanquished Creatures
  4 hell beasts (D)
  2 greater mummies (D)
  Harold (D)
  17 vampire knights (D)
  24 ogres (D)
  6 two-headed ogres (D)
  A lich (D)
  89 orcs (D)
  2 skeletal warriors (D)
  9 large abominations (D)
  8 small abominations (D)
  6 crawling corpses (D)
169 creatures vanquished.

Vanquished Creatures (others)
  An orc (D)
  5 crawling corpses (D)
6 creatures vanquished.

Grand Total: 175 creatures vanquished

Notes
Turn   | Place    | Note
-------+----------+-------------------------------------------
     0 | D        | Found the +∞ Axe of Woe
     0 | D        | Hercules1031 the Deep Dwarf Skald began the quest for the
                  | Orb.
     0 | D        | Reached XP level 1. HP: 19/19 MP: 3/3
     3 | D        | Noticed a bag of meat
     4 | D        | Became a worshipper of Makhleb the Destroyer
     5 | D        | Noticed a bag of meat
     5 | D        | Noticed a bag of meat
     6 | D        | Noticed a bag of meat
     6 | D        | Noticed a bag of meat
     6 | D        | Noticed a bag of meat
     6 | D        | Noticed a bag of meat
    10 | D        | Killed a bag of meat
    10 | D        | Reached skill level 15 in Axes
    10 | D        | Reached skill level 15 in Armour
    10 | D        | Reached skill level 15 in Dodging
    10 | D        | Reached XP level 2. HP: 48/48 MP: 4/4
    10 | D        | Reached XP level 3. HP: 55/55 MP: 5/5
    10 | D        | Reached XP level 4. HP: 63/63 MP: 6/6
    10 | D        | Reached XP level 5. HP: 70/70 MP: 7/7
    10 | D        | Reached XP level 6. HP: 79/79 MP: 8/8
    10 | D        | Reached XP level 7. HP: 86/86 MP: 9/9
    10 | D        | Reached XP level 8. HP: 94/94 MP: 10/10
    10 | D        | Gained mutation: You passively map the area around you.
                  | [Deep Dwarf growth]
    10 | D        | Reached XP level 9. HP: 102/102 MP: 11/11
    10 | D        | Reached XP level 10. HP: 110/110 MP: 12/12
    10 | D        | Reached XP level 11. HP: 117/117 MP: 13/13
    10 | D        | Killed a bag of meat
    10 | D        | Reached * piety under Makhleb
    10 | D        | Reached skill level 15 in Fighting
    10 | D        | Reached XP level 12. HP: 132/132 MP: 14/14
    10 | D        | Noticed a bag of meat
    10 | D        | Noticed a bag of meat
    10 | D        | Noticed a meat berserker
    10 | D        | Noticed a bag of meat
    11 | D        | Killed a bag of meat
    11 | D        | Reached XP level 13. HP: 132/142 MP: 15/15
    11 | D        | Killed a bag of meat
    11 | D        | Gained mutation: You resist negative energy. (rN+) [Deep
                  | Dwarf growth]
    11 | D        | Reached XP level 14. HP: 156/156 MP: 16/16
    11 | D        | Killed a bag of meat
    11 | D        | Reached ** piety under Makhleb
    11 | D        | Noticed a bag of meat
    12 | D        | Noticed a bag of meat
    12 | D        | Noticed a bag of meat
    12 | D        | Noticed a bag of meat
    12 | D        | Noticed a bag of meat
    13 | D        | Noticed a bag of meat
    15 | D        | Killed a bag of meat
    15 | D        | Reached XP level 15. HP: 165/169 MP: 17/17
    15 | D        | Reached *** piety under Makhleb
    15 | D        | Killed a meat berserker
    15 | D        | Reached XP level 16. HP: 186/186 MP: 18/18
    16 | D        | Reached skill level 27 in Axes
    16 | D        | Reached skill level 27 in Armour
    16 | D        | Reached skill level 27 in Dodging
    16 | D        | Reached XP level 17. HP: 200/200 MP: 19/19
    16 | D        | Noticed a meat berserker
    16 | D        | Noticed a meat berserker
    18 | D        | Reached **** piety under Makhleb
    18 | D        | Reached skill level 27 in Fighting
    18 | D        | Reached skill level 5 in Spellcasting
    18 | D        | Reached skill level 15 in Charms
    18 | D        | Noticed a large bag of meat
    19 | D        | Noticed a meat berserker
    20 | D        | Noticed a meat berserker
    21 | D        | Noticed a meat berserker
    21 | D        | Noticed a meat berserker
    22 | D        | Noticed a meat berserker
    22 | D        | Noticed a meat berserker
    23 | D        | Killed a meat berserker
    23 | D        | Reached ***** piety under Makhleb
    23 | D        | Gained mutation: You passively map a large area around you.
                  | [Deep Dwarf growth]
    23 | D        | Reached XP level 18. HP: 218/218 MP: 19/34
    24 | D        | Killed a meat berserker
    24 | D        | Reached skill level 5 in Stealth
    24 | D        | Reached skill level 27 in Charms
    24 | D        | Reached XP level 19. HP: 226/226 MP: 20/40
    24 | D        | Killed a meat berserker
    24 | D        | Reached skill level 10 in Stealth
    24 | D        | Noticed a meat berserker
    25 | D        | Noticed a meat berserker
    25 | D        | Noticed a destroyer
    25 | D        | Noticed a meat berserker
    26 | D        | Noticed a meat berserker
    26 | D        | Noticed a destroyer
    26 | D        | Noticed a destroyer
    26 | D        | Noticed a large bag of meat
    26 | D        | Noticed a destroyer
    27 | D        | Killed a meat berserker
    27 | D        | Reached skill level 27 in Spellcasting
    27 | D        | Reached XP level 20. HP: 236/236 MP: 20/51
    27 | D        | Killed a meat berserker
    27 | D        | Reached ****** piety under Makhleb
    27 | D        | Reached skill level 27 in Stealth
    27 | D        | Reached skill level 15 in Invocations
    28 | D        | Noticed a meat berserker
    28 | D        | Killed a meat berserker
    28 | D        | Reached skill level 15 in Throwing
    28 | D        | Reached skill level 15 in Unarmed Combat
    28 | D        | Reached XP level 21. HP: 244/244 MP: 21/52
    28 | D        | Killed a destroyer
    28 | D        | Reached skill level 27 in Invocations
    28 | D        | Reached XP level 22. HP: 254/254 MP: 21/53
    29 | D        | Noticed The Servant
    30 | D        | Reached skill level 27 in Throwing
    30 | D        | Reached skill level 27 in Unarmed Combat
    30 | D        | Reached XP level 23. HP: 262/262 MP: 21/54
    31 | D        | Reached XP level 24. HP: 272/272 MP: 21/54
    31 | D        | Noticed a large bag of meat
    31 | D        | Noticed a destroyer
    31 | D        | Noticed a destroyer
    32 | D        | Killed a destroyer
    32 | D        | Killed a destroyer
    32 | D        | Reached XP level 25. HP: 280/280 MP: 22/54
    33 | D        | Noticed a destroyer
    34 | D        | Killed a large bag of meat
    34 | D        | Reached XP level 26. HP: 290/290 MP: 22/54
    35 | D        | Killed a destroyer
    36 | D        | Killed a destroyer
    36 | D        | Reached XP level 27. HP: 298/298 MP: 23/54
    37 | D        | Killed a destroyer
    39 | D        | Killed a destroyer
    40 | D        | Killed a large bag of meat
    40 | D        | Noticed a destroyer
    40 | D        | Noticed a destroyer
    41 | D        | Noticed a large bag of meat
    42 | D        | Killed The Servant
    42 | D        | Noticed a destroyer
    44 | D        | Noticed a destroyer
    45 | D        | Killed a destroyer
    45 | D        | Noticed a large bag of meat
    46 | D        | Killed a large bag of meat
    46 | D        | Noticed a destroyer
    47 | D        | Noticed a large bag of meat
    47 | D        | Noticed a destroyer
    48 | D        | Noticed a destroyer
    48 | D        | Noticed a destroyer
    48 | D        | Noticed a destroyer
    50 | D        | Noticed an accursed
    50 | D        | Killed a destroyer
    50 | D        | Killed a large bag of meat
    51 | D        | Noticed an accursed
    51 | D        | Killed a destroyer
    51 | D        | Killed a destroyer
    53 | D        | Killed a destroyer
    53 | D        | Killed a destroyer
    53 | D        | Noticed an accursed
    56 | D        | Noticed a tyrant
    56 | D        | Killed a destroyer
    58 | D        | Killed a large bag of meat
    58 | D        | Killed an accursed
    58 | D        | Killed a large bag of meat
    59 | D        | Noticed a destroyer
    60 | D        | Killed an accursed
    60 | D        | Noticed a meat beast
    61 | D        | Killed a destroyer
    64 | D        | Noticed a meat beast
    64 | D        | Killed a meat beast
    65 | D        | Noticed a meat beast
    66 | D        | Killed a destroyer
    73 | D        | Noticed a meat beast
    75 | D        | Killed a tyrant
    76 | D        | Killed a meat beast
    77 | D        | Noticed a meat beast
    78 | D        | Killed a meat beast
    78 | D        | Killed a destroyer
    80 | D        | Noticed a large bag of meat
    81 | D        | Noticed a meat beast
    82 | D        | Killed a meat beast
    83 | D        | Noticed a tyrant
    85 | D        | Killed from afar by a wretched soul

Levels and vault maps discovered:
D:        meatsprint

Skill      XL: |  1  2  3  4  5  6  7  8  9 10 11 12 13 14 15 16 17 18 19 20 21 22 |
---------------+-------------------------------------------------------------------+-----
Fighting       | 13 15 16 18 19 22 24 27 | 27.0
Axes           | 15 18 19 20 22 25 27 | 27.0
Armour         | 15 17 19 20 22 25 27 | 27.0
Dodging        | 15 18 19 20 22 25 27 | 27.0
Spellcasting   | 12 17 27 | 27.0
Charms         | 20 27 | 27.0
Stealth        | 2 5 23 27 | 27.0
Throwing       | 15 24 27 | 27.0
Unarmed Combat | 15 23 27 | 27.0
Invocations    | 20 27 | 27.0

Action                   |  1- 3 |  4- 6 |  7- 9 | 10-12 | 13-15 | 16-18 | 19-21 | 22-24 | 25-27 || total
-------------------------+-------+-------+-------+-------+-------+-------+-------+-------+-------++-------
Melee: Executioner's axe |     1 |       |       |     1 |     1 |     4 |     2 |     4 |    39 ||    52
  Use: Potion            |       |       |       |       |       |       |       |       |     1 ||     1
Dodge: Dodged            |       |       |       |       |     2 |     1 |     3 |       |     3 ||     9

Table legend:
 A = Non-vault XP
 B = Vault XP
 C = Vault XP percentage of total XP
 D = Non-vault monster count
 E = Vault monster count
 F = Vault count percentage of total count
                 A         B        C        D         E       F
            +---------+---------+-------+---------+---------+-------
      Total | 2529504 | 1707819 |  40.3 |      75 |      88 |  54.0
            +---------+---------+-------+---------+---------+-------
          D | 2529504 | 1707819 |  40.3 |      75 |      88 |  54.0
            +---------+---------+-------+---------+---------+-------
